 Dungeon Crawl Stone Soup version 0.27.1 (webtiles) character file.

Game seed: 6427969503606759393

19588 kocsisss the Basher (level 12, -2/108 HPs)
             Began as a Minotaur Berserker on Aug 26, 2021.
             Was a High Priest of Trog.
             Slain by Snorg (17 damage)
             ... on level 4 of the Lair of Beasts.
             The game lasted 00:48:38 (14276 turns).

kocsisss the Basher (Minotaur Berserker)           Turns: 14276, Time: 00:48:39

Health: -2/108     AC: 29    Str: 28    XL:     12   Next: 37%
Magic:  20/20      EV: 11    Int:  4    God:    Trog [*****.]
Gold:   717        SH:  0    Dex: 15    Spells: 11/11 levels left

rFire    . . .     SeeInvis .   d - +8 mace (protect)
rCold    + . .     Faith    .   (no shield)
rNeg     . . .     Spirit   .   L - +0 plate armour
rPois    .         Reflect  .   (helmet restricted)
rElec    .         Harm     .   K - +1 cloak {Stlth+}
rCorr    .         Rampage  .   (no gloves)
Will     .....                  G - +2 pair of boots {Fly}
Stlth    ..........             (no amulet)
HPRegen  0.28/turn              f - ring of magical power
MPRegen  0.17/turn              b - ring of the Priest {rC+ Dex+6 Slay+3}

@: under a protective aura, on berserk cooldown, flying, slowed, studying
Dodging, very slow
A: horns 2, retaliatory headbutt
a: Renounce Religion, Berserk, Trog's Hand, Brothers in Arms


You were on level 4 of the Lair of Beasts.
You worshipped Trog.
Trog was extremely pleased with you.
You visited 2 branches of the dungeon, and saw 12 of its levels.

You collected 717 gold pieces.

Inventory:

Hand Weapons
 a - a +0 hand axe
 d - a +8 mace of protection (weapon)
 e - a +3 short sword
 n - a +3 quarterstaff of chaos
 y - a +1 spectral falchion
 z - a +0 vorpal hand axe
 I - a +0 falchion of protection
 N - a +2 mace of protection
Missiles
 q - 2 throwing nets
Armour
 G - a +2 pair of boots of flying (worn)
 K - a +1 cloak of stealth (worn)
 L - a +0 plate armour (worn)
Jewellery
 b - the ring of the Priest (right hand) {rC+ Dex+6 Slay+3}
   (You acquired it on level 2 of the Dungeon)

   [ring of dexterity]

   Dex:       It affects your dexterity (+6).
   Slay:      It affects your accuracy & damage with ranged weapons and melee
   (+3).
   rC:        It protects you from cold.
 f - a ring of magical power (left hand)
 p - an amulet of faith
 J - the amulet of Sin {RegenMP rPois rCorr Str-4 Dex+6}
   (You found it on level 1 of the Lair of Beasts)

   [amulet of magic regeneration]

   It increases your rate of magic regeneration.
   Str:       It affects your strength (-4).
   Dex:       It affects your dexterity (+6).
   rPois:     It protects you from poison.
   rCorr:     It protects you from acid and corrosion.
Wands
 g - a wand of polymorph (12)
 l - a wand of flame (42) (quivered)
 u - a wand of iceblast (18)
 C - a wand of digging (4)
 M - a wand of mindburst (8)
Scrolls
 c - 2 scrolls of fear
 m - 3 scrolls of teleportation
 x - a scroll of holy word
 E - 2 scrolls of fog
 F - 2 scrolls of identify
Potions
 i - 2 potions of flight
 j - 2 potions of lignification
 k - 2 potions of attraction
 o - a potion of invisibility
 s - a potion of berserk rage
 v - a potion of magic {unknown}
 w - a potion of might {unknown}
 A - a potion of resistance
 B - a potion of ambrosia {unknown}
 D - 2 potions of haste
Miscellaneous
 h - a phial of floods


   Skills:
 + Level 10.8 Fighting
 + Level 4.3(10.3) Axes
 + Level 14.1(14.3) Maces & Flails
 + Level 1.1 Throwing
 + Level 14.1 Armour
 + Level 8.0 Dodging
 + Level 1.5 Stealth
 + Level 2.3 Unarmed Combat
 + Level 1.6 Evocations


You had 11 spell levels left.
You didn't know any spells.
Your spell library contained the following spells:

 Spells                   Type           Power      Damage    Failure   Level
 Beastly Appendage        Tmut           0%         N/A       98%         1
 Corpse Rot               Necr/Air       N/A        N/A       99%         2
 Ensorcelled Hibernation  Hex/Ice        0%         N/A       99%         2
 Poisonous Vapours        Pois/Air       0%         N/A       99%         2
 Slow                     Hex            0%         N/A       99%         2
 Wereblood                Tmut           0%         N/A       99%         2
 Confusing Touch          Hex            0%         N/A       100%        3
 Spider Form              Tmut/Pois      0%         N/A       100%        3
 Passage of Golubria      Tloc           N/A        N/A       100%        4
 Freezing Cloud           Conj/Ice/Air   0%         6-21      100%        5
 Silence                  Hex/Air        0%         N/A       100%        5
 Yara's Violent Unravell  Hex/Tmut       0%         3d3       100%        5
 Shadow Creatures         Summ           N/A        N/A       100%        6
 Lehudib's Crystal Spear  Conj/Erth      0%         10d2      100%        8


Dungeon Overview and Level Annotations

Branches:
Dungeon (8/15)             Temple (0/1) D:7            Lair (4/6) D:8
  Swamp (0/4) Lair:3
  Snake: Lair:2-4    Spider: Lair:2-4

Altars:
Cheibriados
Fedhas
Nemelex Xobeh
Okawaru
Wu Jian
The Shining One

Shops:
D:2 *

Annotations:
Lair:2 exclusion: 2 oklob plants
Lair:3 exclusion: oklob plant
Lair:4 Snorg


Innate Abilities, Weirdness & Mutations

You have a pair of horns on your head.
You reflexively headbutt those who attack you in melee.


Message History

Trog accepts your kill.
Your Dodging skill increases to level 8!
A nearby plant withers and dies.
The dream sheep bites you but does no damage. x2
Snorg the Insatiable comes into view.
Snorg shouts!
Your ogre barely misses the dream sheep.
The dream sheep shake their wool and sparkle.
You feel drowsy...
You fall asleep.
The dream sheep bites you!
You wake up.
* * * LOW HITPOINT WARNING * * *
The dream sheep closely misses you. You furiously retaliate!
You headbutt the dream sheep!
Your ogre hits the dream sheep with a +0 giant spiked club!!
The dream sheep dies!
Trog accepts your kill.
Your ogre hits the dream sheep with a +0 giant spiked club!!
The dream sheep dies!
Trog accepts your kill.
You sock the dream sheep!
Your weapon exudes an aura of protection.
The dream sheep is almost dead.
Your ogre misses the dream sheep.
The dream sheep bites you but does no damage.
Your ogre barely misses the dream sheep.
You hit the dream sheep.
You kill the dream sheep!
Trog accepts your kill.
Snorg goes berserk!
Okay, then.
You feel better.
Your ogre misses Snorg. You sock Snorg! You headbutt Snorg!!
Snorg is lightly wounded.
Snorg bites you but does no damage. Snorg claws you.
* * * LOW HITPOINT WARNING * * *
Snorg claws you!
* * * LOW HITPOINT WARNING * * *
Your ogre hits Snorg with a +0 giant spiked club!!!
Snorg bites you!
You die...

...# #....###..
..##.........
........... #......#
#....P# # .. ...
#..†.###.# ...#
##..####.........
....P###..#.#...†.......
...............†@.......
..............OT........
........................
...............$........
........................
.......<........###...#.
..##..Y.###....# #.... P
#.†.P###....# ....
...##Y†.l.# ..#


You could see Snorg (berserk, ally target) and a friendly ogre (summoned,
berserk).

Vanquished Creatures
  Harold (D:7)
  3 hydras (Lair:2)
  An ugly thing (D:7)
  5 elephants (Lair:4)
  Joseph (D:7)
  A black mamba (Lair:1)
  8 cane toads
  7 komodo dragons
  A rime drake (Lair:3)
  An anaconda simulacrum (Lair:1)
  A polar bear (Lair:3)
  A hornet (Lair:3)
  A troll (D:6)
  2 dream sheep (Lair:4)
  10 yaks
  2 wyverns
  A dire elephant simulacrum (Lair:1)
  2 basilisks (Lair:3)
  6 vampire mosquitoes (Lair:3)
  5 water moccasins
  A hydra simulacrum (Lair:1)
  An orc warrior (D:6)
  A black bear (D:5)
  A hornet zombie (D:6)
  A necrophage (D:5)
  2 ice beasts
  3 sky beasts
  An ogre (D:4)
  8 wolves
  A centaur (D:8)
  9 bullfrogs
  2 gnoll sergeants
  A scorpion (D:4)
  A water moccasin zombie (D:5)
  2 wyvern skeletons (D:7)
  3 wights (D:8)
  3 electric eels
  A howler monkey (D:6)
  A vampire bat (D:5)
  A centaur zombie (D:8)
  2 bullfrog zombies (D:6)
  2 water moccasin simulacra (Lair:1)
  A hound (D:5)
  Crazy Yiuf (D:2)
  5 orc priests
  3 jellies
  Terence (D:2)
  A bullfrog skeleton (D:6)
  2 centaur skeletons (D:7)
  Ijyb (D:4)
  3 iguanas
  5 orc wizards
  A yak simulacrum (Lair:1)
  2 hound skeletons (D:4)
  A mummy (D:8)
  6 gnolls
  12 adders
  A howler monkey skeleton (D:7)
  An ufetubus (D:6)
  An adder skeleton (D:4)
  A worm (D:3)
  2 dart slugs
  3 fire bats (D:5)
  19 orcs
  2 spectral bats (D:5)
  3 bat skeletons (D:5)
  A bat zombie (D:5)
  2 endoplasms
  7 hobgoblins
  3 jackals (D:5)
  6 quokkas
  5 ball pythons
  15 bats
  A bat simulacrum (D:5)
  4 frilled lizards
  13 goblins
  A goblin zombie (D:8)
  8 kobolds
  An orc zombie (D:8)
  8 rats (D:2)
261 creatures vanquished.

Vanquished Creatures (collateral kills)
  Fannar (Lair:1)
  An elephant (Lair:4)
  4 dream sheep (Lair:4)
  A necrophage (D:7)
  A jelly (D:7)
  2 gnolls (D:7)
10 creatures vanquished.

Vanquished Creatures (others)
  6 fungi
  19 plants
25 creatures vanquished.

Grand Total: 296 creatures vanquished

Notes
Turn   | Place    | Note
-------+----------+-------------------------------------------
     0 | D:1      | kocsisss the Minotaur Berserker began the quest for the
                  | Orb.
     0 | D:1      | Reached XP level 1. HP: 19/19 MP: 0/0
   454 | D:1      | Reached XP level 2. HP: 27/27 MP: 1/1
   990 | D:2      | Reached XP level 3. HP: 33/33 MP: 2/2
  1025 | D:2      | Reached ** piety under Trog
  1035 | D:2      | Reached skill level 1 in Maces & Flails
  1140 | D:2      | Reached XP level 4. HP: 38/41 MP: 3/3
  1181 | D:2      | Found a runed translucent door.
  1182 | D:2      | Noticed Crazy Yiuf
  1212 | D:2      | Found a faded altar of an unknown god.
  1240 | D:2      | Found Gocof's Assorted Antiques.
  1256 | D:2      | Noticed Terence
  1265 | D:2      | Killed Terence
  1851 | D:2      | Killed Crazy Yiuf
  1859 | D:2      | HP: 2/41 [poisoned by Crazy Yiuf]
  2792 | D:2      | Identified a scroll of acquirement
  2792 | D:2      | Acquired the ring of the Priest {rC+ Dex+6 Slay+3}
  2947 | D:3      | Reached XP level 5. HP: 47/47 MP: 4/4
  3168 | D:3      | Found an iron altar of Okawaru.
  3176 | D:3      | Found a glowing golden altar of the Shining One.
  3288 | D:3      | Found a snail-covered altar of Cheibriados.
  3549 | D:4      | Noticed an ogre
  3558 | D:4      | Killed an ogre
  3559 | D:4      | Reached XP level 6. HP: 34/55 MP: 5/5
  3714 | D:4      | Reached *** piety under Trog
  3723 | D:4      | Reached skill level 5 in Fighting
  3934 | D:4      | Found an ornate altar of the Wu Jian Council.
  4105 | D:4      | Noticed Ijyb
  4113 | D:4      | Killed Ijyb
  4114 | D:4      | Reached skill level 5 in Maces & Flails
  4128 | D:5      | Entered Level 5 of the Dungeon
  4315 | D:5      | Reached skill level 5 in Armour
  4315 | D:5      | Reached XP level 7. HP: 59/61 MP: 6/6
  4736 | D:5      | Noticed a yak
  4736 | D:5      | Noticed a yak
  4737 | D:5      | Noticed a yak
  4745 | D:5      | Killed a yak
  4746 | D:5      | Reached XP level 8. HP: 41/69 MP: 7/7
  5728 | D:6      | Reached **** piety under Trog
  5871 | D:6      | Reached XP level 9. HP: 72/78 MP: 8/8
  6165 | D:6      | Noticed a troll
  6177 | D:6      | Killed a troll
  6178 | D:6      | Reached skill level 10 in Maces & Flails
  6592 | D:7      | Noticed Joseph
  6607 | D:7      | Killed Joseph
  7032 | D:7      | Found a staircase to the Ecumenical Temple.
  7080 | D:7      | Reached skill level 1 in Unarmed Combat
  7164 | D:7      | Noticed a brown ugly thing
  7196 | D:7      | Killed a brown ugly thing
  7772 | D:7      | Noticed Harold
  7787 | D:7      | Killed Harold
  7788 | D:7      | Reached skill level 5 in Dodging
  7788 | D:7      | Reached XP level 10. HP: 52/88 MP: 9/9
  8313 | D:8      | Found a staircase to the Lair.
  8633 | D:8      | Found a sparkling altar of Nemelex Xobeh.
  9269 | Lair:1   | Entered Level 1 of the Lair of Beasts
  9278 | Lair:1   | Reached skill level 10 in Armour
  9415 | Lair:1   | Noticed Fannar
  9452 | Lair:1   | Killed Fannar
  9453 | Lair:1   | Reached skill level 1 in Stealth
  9459 | Lair:1   | Noticed a cane toad
  9466 | Lair:1   | Killed a cane toad
  9957 | Lair:1   | Found a transporter.
  9972 | Lair:1   | Noticed a black mamba
  9984 | Lair:1   | Killed a black mamba
 10064 | Lair:1   | Found a transporter.
 10152 | Lair:1   | Noticed a cane toad
 10159 | Lair:1   | Killed a cane toad
 10486 | Lair:1   | Identified the amulet of Sin {RegenMP rPois rCorr Str-4
                  | Dex+6}
 10600 | Lair:1   | Reached XP level 11. HP: 97/97 MP: 10/10
 10831 | Lair:2   | Noticed a four-headed hydra
 10838 | Lair:2   | Killed a four-headed hydra
 10887 | Lair:2   | Reached skill level 1 in Throwing
 10972 | Lair:2   | Noticed an eight-headed hydra
 10985 | Lair:2   | Killed an eight-headed hydra
 11376 | Lair:2   | Noticed a seven-headed hydra
 11389 | Lair:2   | Killed a seven-headed hydra
 11917 | Lair:2   | Found a blossoming altar of Fedhas.
 11920 | Lair:2   | Noticed an oklob plant
 11920 | Lair:2   | Noticed an oklob plant
 12436 | Lair:3   | Reached skill level 1 in Evocations
 12532 | Lair:3   | Noticed an oklob plant
 12998 | Lair:3   | Reached skill level 10 in Fighting
 13543 | Lair:3   | Reached ***** piety under Trog
 13554 | Lair:3   | Reached XP level 12. HP: 73/106 MP: 11/11
 13722 | Lair:3   | Found a staircase to the Swamp.
 14271 | Lair:4   | Noticed Snorg
 14276 | Lair:4   | Slain by Snorg

Illustrated notes

Levels and vault maps discovered:
D:1:      dpeg_arrival_concentric_ovals, layout_loops_ring, minmay_pentomino_u4
D:2:      minmay_angry_zag, layout_basic, serial_shops, shop,
          basic_ecumenical_altar, minmay_rat_gold_closets,
          uniq_crazy_yiuf_cottage, uniq_terence
D:3:      layout_loops_cross, mainiacjoe_overflow_small_starburst,
          chequers_temple_overflow_statue_of_worship
D:4:      layout_cave_pools, nicolae_wu_jian_immortal_techniques, uniq_ijyb
D:5:      cheibrodos_helix_gallery, layout_layer_cave, goddamned_bats
D:6:      layout_rooms, minmay_increasing_density
D:7:      layout_cave_pools, minmay_temple_entry_ruins,
          minmay_misc_feat_diagonals, minivault_11, minmay_manual_mandibuliform,
          uniq_harold, uniq_joseph
D:8:      layout_loops_corners, nicolae_overflow_crystal_walls,
          david_lair_shrubbed, nicolae_ossuary_entry_giza
Lair:1:   gammafunk_cloud_chamber, layout_gridlike, uniq_fannar
Lair:2:   layout_chaotic_city, hangedman_tree_tricks
Lair:3:   layout_gridlike, minmay_swamp_entry_swarm, columned_hall_lemuel,
          beast_lair_carwin_1, minmay_lair_oklob_chamber
Lair:4:   layout_regular_city, guppyfry_snake_entry_garden, uniq_sonja,
          uniq_snorg

Skill      XL: |  1  2  3  4  5  6  7  8  9 10 11 12 |
---------------+-------------------------------------+-----
Fighting       | 4 5 6 8 9 10 | 10.8
Axes           | 4 |  4.3
Armour         | 3 4 5 7 9 11 13 14 | 14.1
Maces & Flails | 1 2 4 6 7 9 11 12 13 14 | 14.1
Dodging        | 3 5 7 8 |  8.0
Unarmed Combat | 2 |  2.3
Stealth        | 1 |  1.5
Throwing       | 1 |  1.1
Evocations     | 1 |  1.6

Action                   |  1- 3 |  4- 6 |  7- 9 | 10-12 || total
-------------------------+-------+-------+-------+-------++-------
Melee: Hand axe          |     9 |       |       |       ||     9
       Mace              |    40 |    87 |   167 |   315 ||   609
       Headbutt          |     8 |    12 |    45 |    88 ||   153
       Unarmed           |       |       |    19 |       ||    19
       Punch             |       |       |       |     9 ||     9
Throw: Throwing net      |       |       |       |     1 ||     1
Invok: Berserk           |     1 |     2 |     3 |     5 ||    11
       Trog's Hand       |       |     1 |     1 |     1 ||     3
       Brothers in Arms  |       |       |     1 |     2 ||     3
Evoke: Wand              |       |       |       |     8 ||     8
  Use: Scroll            |       |    11 |     5 |     8 ||    24
       Potion            |       |     2 |     5 |     5 ||    12
Armor: Animal skin       |     5 |       |       |       ||     5
       Ring mail         |    23 |    16 |       |       ||    39
       Chain mail        |       |    53 |   127 |    67 ||   247
       Skin              |       |       |     3 |       ||     3
       Plate armour      |       |       |       |   218 ||   218
Dodge: Dodged            |    35 |    72 |   132 |   196 ||   435
